 Dungeon Crawl Stone Soup version 0.31-a0-1338-gb567cfdca4 (webtiles) character file.

Game seed: 1778004103973664267

57 avis the Changeling (level 3, 18/18 HPs)
             Began as a Felid Shapeshifter on Dec 22, 2023.
             Got out of the dungeon alive.
             The game lasted 00:07:26 (1781 turns).

avis the Changeling (Felid Shapeshifter)            Turns: 1781, Time: 00:07:27

Health: 18/18      AC:  1    Str: 10    XL:     3   Next: 73%
Magic:  4/4        EV: 18    Int: 15    God:
Gold:   103        SH:  0    Dex: 15    Spells: 2/2 levels left
                                        Lives:  0   Deaths: 1

rFire   . .          .
                       - Unarmed
rCold   . . .        (shield unavailable)
rNeg    . . .        (body armour unavailable)
rPois   +            (helmet unavailable)
rElec   .            (cloak unavailable)
rCorr   .            (gloves unavailable)
SInv    +            (boots unavailable)
Will    .....        (no amulet)
Stlth   +            f - ring of poison resistance
HPRegen 0.23/turn    i - ring of poison resistance
MPRegen 0.09/turn

%: no passive effects
@: beast-form
A: beast (slay +2), very small, claws 1, fangs 3, see invisible, shaggy fur 1,
stealthy paws, no weapons or thrown items, no armour, multi-lived
a: Begin Untransformation


You escaped.
You were a hulking beast.
You visited 1 branch of the dungeon, and saw 2 of its levels.

You collected 103 gold pieces.

Inventory:

Jewellery
 f - a ring of poison resistance (left paw)
 i - a ring of poison resistance (right paw)
Talismans
 b - a beast talisman
 c - a flux talisman
Scrolls
 d - 2 scrolls of identify {unknown}
 e - a scroll of amnesia {unknown}
 g - a scroll of immolation {unknown}
Potions
 a - 2 potions of lignification
 h - a potion of haste {unknown}


   Skills:
 - Level 2.0 Fighting
 * Level 3.4 Dodging
 - Level 3.0 Unarmed Combat
 - Level 3.5 Shapeshifting


You had 2 spell levels left.
You didn't know any spells.
Your spell library contained the following spells:

 Spells                   Type           Power      Damage    Failure   Level
 Freeze                   Ice            0%         1d3       26%         1
 Frozen Ramparts          Ice            0%         1d1       63%         3
 Hailstorm                Conj/Ice       0%         3d5       63%         3


Dungeon Overview and Level Annotations

Branches:
Dungeon (2/15)

Altars:


Innate Abilities, Weirdness & Mutations

You are a hulking beast.
Your limbs bulge with bestial killing power. (Slay +2)
You have sharp claws.
You have razor-sharp teeth.
You have supernaturally acute eyesight. (SInv)
You are covered in fur. (AC +1)
Your paws help you pounce on unaware monsters.
You are incapable of wielding weapons or throwing items.
You cannot wear armour.
You gain extra lives every three experience levels.


Message History

The gnoll barely misses you.
You barely miss the gnoll.
The gnoll is moderately wounded.
The gnoll hits you with a +0 club.
You scratch the gnoll.
The gnoll is heavily wounded.
The gnoll closely misses you.
You closely miss the gnoll. You bite the gnoll.
The gnoll is severely wounded.
The gnoll closely misses you.
You scratch the gnoll.
You kill the gnoll!
Things that are here:
a +0 club; a gnoll corpse
There is a stone staircase leading down here.
You start resting.
HP restored.
You climb downwards.
There is a stone staircase leading up here.
The gnoll hits you with a +0 spear!
You closely miss the gnoll. The gnoll hits you with a +0 spear.
* * * LOW HITPOINT WARNING * * *
The gnoll completely misses you.
There is a stone staircase leading up here.
The gnoll attacks as it pursues you!
The gnoll hits you from afar with a +0 spear.
* * * LOW HITPOINT WARNING * * *
The gnoll attacks as it pursues you!
The gnoll hits you from afar with a +0 spear.
You die...
Your shape twists and changes as you die.
You rejoin the land of the living...
A gnoll is nearby!
There is a stone staircase leading up here.
You climb upwards.
There is a stone staircase leading down here.
What level of the Dungeon? (default 2, ? - help) You're already here!
There is a staircase leading out of the dungeon here.
You have escaped!

...# #.# #.# ##.## #...... .###
#.# #.# #..# ##...... ##
###.#####.#######..###..##### .#
##.....P.....P..##......##
.###......♣P...P♣P..#...####
........P♣♣...P.P.P....[#
.###....P♣....P♣P.......#
...#...PPP.....P.PP..##.#######
##.#.#...P......hP♣..##.......##
#...##........PP♣♣P.##......>.##
##...#.#......♣P♣♣P.#..........#
#..........PP.♣.P..#..........#
#..####......P.PP..#..........#
##.## ##.#...P♣P..##..........#
## #..## #.##[..PP..##.....)....#
.###...###...#..P...###........##
..##.#..####.#.......†(.........#


There were no monsters in sight!

Vanquished Creatures
  2 gnolls (D:1)
  A worm (D:2)
  A dart slug (D:1)
  3 endoplasms
  A giant cockroach (D:2)
  2 goblins (D:2)
  6 hobgoblins
  2 quokkas (D:1)
  A ball python (D:2)
  7 bats
  2 kobolds (D:1)
  3 rats
31 creatures vanquished.

Notes
Turn   | Place    | Note
-------+----------+-------------------------------------------
     0 | D:1      | avis the Felid Shapeshifter began the quest for the Orb.
     0 | D:1      | Reached XP level 1. HP: 10/10 MP: 2/2
   120 | D:1      | Reached XP level 2. HP: 14/14 MP: 3/3
   237 | D:1      | Found a faded altar of an unknown god.
   476 | D:1      | Reached XP level 3. HP: 18/18 MP: 4/4
  1708 | D:2      | Slain by a gnoll
  1781 | D:$      | Got out of the dungeon alive.

Illustrated notes

Levels and vault maps discovered:
D:1:      spicycebolla_arrival_clurvy, layout_rooms,
          dilly_ecumenical_altar_fadedgnrine, kennysheep_nondescript
D:2:      layout_loops_ring, pf_guarded_unrand_woodcutter

Skill      XL: |  1  2  3 |
---------------+----------+-----
Shapeshifting  | 3 |  3.5
Dodging        | 3 |  3.4
Fighting       | 2 |  2.0
Unarmed Combat | |  3.0

Action                     || total
---------------------------++-------
  Melee: Unarmed           ||    89
         Bite              ||    10
         Punch             ||     6
   Stab: Sleeping          ||     3
 Armour: Skin              ||    22
  Dodge: Dodged            ||    38

Table legend: (Time is in decaauts)
 A = Elapsed time spent in this place.
 B = Non-inter-level travel time spent in this place.
 C = Inter-level travel time spent in this place.
 D = Time resting spent in this place.
 E = Time spent auto-exploring this place.
 F = Levels seen in this place.
 G = Mean time per level.
                   A        B        C        D        E       F      G
               +--------+--------+--------+--------+--------+-----+--------+
         Total |   1779 |   1554 |    225 |    247 |    901 |   2 |  889.5 |
       Dungeon |   1779 |   1554 |    225 |    247 |    901 |   2 |  889.5 |
               +--------+--------+--------+--------+--------+-----+--------+

Top non-repeatable levels by time:
     D:1: 918 daAuts
     D:2: 860 daAuts
